 Dungeon Crawl Stone Soup version 0.24.0-123-gd5b16e6ec5 (webtiles) character file.

Game seed: 15214564682996445858, levelgen mode: deterministic

636 SirRappington the Cleaver (level 7, -11/56 HPs)
             Began as a Minotaur Gladiator on Dec 26, 2019.
             Mangled by an ogre
             ... wielding the +9 dire flail of Xiaram {protect, +Fly rF+ Int-3}
              (13 damage)
             ... on level 3 of the Dungeon.
             The game lasted 00:11:08 (3557 turns).

SirRappington the Cleaver (Minotaur Gladiator)      Turns: 3557, Time: 00:11:09

Health: -11/56     AC:  8    Str: 20    XL:     7   Next: 25%
Magic:  6/6        EV: 16    Int:  6    God:
Gold:   225        SH:  0    Dex: 16    Spells: 6/6 levels left

rFire    . . .     SeeInvis .   a - +0 war axe
rCold    . . .     Gourm    .   (no shield)
rNeg     . . .     Faith    .   v - +0 scale mail
rPois    .         Spirit   .   c - +1 hat
rElec    .         Reflect  .   (no cloak)
rCorr    .         Harm     .   (no gloves)
MR       .....                  q - +0 pair of boots
Stlth    +.........             (no amulet)
HPRegen  0.18/turn              (no ring)
MPRegen  0.10/turn              (no ring)

@: agile, lethally poisoned (-11 -> -15)
A: retaliatory headbutt, horns 2
a: no special abilities


You were on level 3 of the Dungeon.
You were not hungry.

You visited 1 branch of the dungeon, and saw 3 of its levels.
You also visited: Sewer.

You collected 225 gold pieces.

Inventory:

Hand Weapons
 a - a +0 war axe (weapon)
 u - a +1 flail of crushing
Missiles
 d - 3 throwing nets (quivered)
 j - 19 boomerangs
Armour
 c - a +1 hat (worn)
 q - a +0 pair of boots (worn)
 v - a +0 scale mail (worn)
Jewellery
 e - an uncursed ring of wizardry
Wands
 b - a wand of acid (6)
Scrolls
 k - 4 scrolls of identify
 o - a scroll of noise {unknown}
 p - a scroll of remove curse {unknown}
 r - a scroll of magic mapping {unknown}
Potions
 h - 3 potions of curing {unknown}
 i - 3 potions of agility
 l - 3 potions of invisibility {unknown}
 n - 3 potions of might {unknown}
 s - a potion of berserk rage {unknown}
Comestibles
 f - 5 rations


   Skills:
 - Level 2.4 Fighting
 + Level 10.1 Axes
 - Level 2.0 Throwing
 - Level 3.2 Dodging


You had 6 spell levels left.
You didn't know any spells.
Your spell library was empty.

Dungeon Overview and Level Annotations

Branches:
Dungeon (3/15)              Sewer (visited)

Altars:
Fedhas
Nemelex Xobeh
Ru
Uskayaw
Vehumet
Yredelemnul
Zin

Annotations:
D:3 Norian's ghost, novice DECj


Innate Abilities, Weirdness & Mutations

You reflexively headbutt those who attack you in melee.
You have a pair of horns on your head.


Message History

The ogre is moderately wounded.
You hit Norian's ghost. You slash the ogre!
You kill the ogre!
Your Axes skill increases to level 10!
Norian's ghost hits you.
The ogre hits you with the +9 dire flail of Xiaram {protect, +Fly rF+ Int-3}!
You hit the ogre.
The ogre is moderately wounded.
Your scale mail prevents you from hitting Norian's ghost.
Norian's ghost hits you but does no damage.
You are poisoned.
You feel sick. Norian's ghost hits you.
You see here a +0 giant club.
You feel sick.
The ogre hits you with a +0 giant spiked club!
* * * LOW HITPOINT WARNING * * *
It was a potion of agility.
You feel agile all of a sudden.
The ogre hits you with the +9 dire flail of Xiaram {protect, +Fly rF+ Int-3}!
You die...

#.#.##.# ##.#.........
#.#.##.# #....####.###
#.#....# ####....##.....#
#.###### #.......#.......
#.##..########......#.......
#.....#......#.........._...
###...#.#..#.#...##.#.......
#.#.#$.##..#...##.#.....).
#.#.#..##@.#......##.....#
#..©#$#.O#O#####..####.###
#...#?....W# #..........
##.©#.#..#.# #.(...#####
##.#..##..# #######
#.#..##..# #.#.#.(#.#
#.#©.....# #.########


You could see 2 ogres and Norian's ghost.

Vanquished Creatures
  Sigmund (D:3)
  Purgy (Sewer)
  An ogre (D:3)
  An orc priest (D:3)
  2 orc wizards (D:3)
  Jessica (D:3)
  Terence (D:3)
  Robin (D:3)
  9 adders
  3 worms
  2 leopard geckos
  6 orcs (D:3)
  6 giant cockroaches
  9 hobgoblins
  2 jackals (D:2)
  A quokka (D:2)
  2 ball pythons
  9 bats
  A frilled lizard (D:1)
  14 goblins
  5 kobolds
  3 rats
81 creatures vanquished.

Notes
Turn   | Place    | Note
-------+----------+-------------------------------------------
     0 | D:1      | SirRappington the Minotaur Gladiator began the quest for
                  | the Orb.
     0 | D:1      | Reached XP level 1. HP: 18/18 MP: 0/0
   102 | D:1      | Reached skill level 4 in Axes
   150 | D:1      | Reached XP level 2. HP: 21/25 MP: 1/1
   562 | D:1      | Reached skill level 5 in Axes
   726 | D:2      | Reached XP level 3. HP: 30/30 MP: 2/2
   968 | D:2      | Found a hide-covered altar of Uskayaw.
  1048 | D:2      | Reached skill level 6 in Axes
  1048 | D:2      | Reached XP level 4. HP: 34/37 MP: 3/3
  1680 | D:3      | Found a glowing drain.
  1710 | Sewer    | Entered a sewer
  1736 | Sewer    | Noticed Purgy
  1751 | Sewer    | Killed Purgy
  1751 | Sewer    | Reached skill level 7 in Axes
  1751 | Sewer    | Reached XP level 5. HP: 10/42 MP: 4/4
  2074 | D:3      | Reached skill level 8 in Axes
  2086 | D:3      | Reached XP level 6. HP: 35/50 MP: 5/5
  2090 | D:3      | Found a radiant altar of Vehumet.
  2112 | D:3      | Noticed Terence
  2120 | D:3      | Killed Terence
  2198 | D:3      | Noticed Robin
  2204 | D:3      | Killed Robin
  2334 | D:3      | Found a glowing silver altar of Zin.
  2526 | D:3      | Found a blossoming altar of Fedhas.
  2538 | D:3      | Found a sacrificial altar of Ru.
  2570 | D:3      | Noticed Jessica
  2573 | D:3      | Killed Jessica
  2573 | D:3      | Reached skill level 9 in Axes
  2597 | D:3      | Found a basalt altar of Yredelemnul.
  2608 | D:3      | Found a sparkling altar of Nemelex Xobeh.
  2623 | D:3      | Noticed Sigmund
  2638 | D:3      | Killed Sigmund
  2638 | D:3      | Reached XP level 7. HP: 14/56 MP: 6/6
  2942 | D:3      | Noticed Norian's ghost (novice DECj)
  2943 | D:3      | Identified the +9 dire flail of Xiaram {protect, +Fly rF+
                  | Int-3}
  2945 | D:3      | Found a transporter.
  2947 | D:3      | Found a transporter.
  3553 | D:3      | Reached skill level 10 in Axes
  3556 | D:3      | HP: 2/56 [ogre/+0 giant spiked club (17)]
  3557 | D:3      | Mangled by an ogre

Levels and vault maps discovered:
D:1:      kilobyte_arrival_exit_the_forest, layout_loops_ring
D:2:      layout_basic, lemuel_crystal_altar, first_ration
D:3:      layout_basic, old_standard_altar, zin_statuary,
          nicolae_overflow_quartered_altars, gup_sewer_entry_glass,
          gammafunk_ghost_smash, minmay_misc_feat_alley,
          chequers_serial_rivers_micro_c, uniq_jessica, uniq_robin,
          uniq_sigmund, uniq_terence

Skill      XL: |  1  2  3  4  5  6  7 |
---------------+----------------------+-----
Axes           | 4 5 6 7 8 9 10 | 10.1
Fighting       | |  2.4
Throwing       | |  2.0
Dodging        | |  3.2

Action                   |  1- 3 |  4- 6 |  7- 9 || total
-------------------------+-------+-------+-------++-------
Melee: War axe           |    57 |    95 |    13 ||   165
       Headbutt          |    14 |    13 |     2 ||    29
  Use: Scroll            |     1 |     3 |       ||     4
       Potion            |       |       |     1 ||     1
  Eat: Chunk             |       |     5 |     1 ||     6
       Ration            |       |       |     1 ||     1
Armor: Leather armour    |    11 |       |       ||    11
       Ring mail         |     3 |    36 |       ||    39
       Scale mail        |       |     4 |     6 ||    10
Dodge: Dodged            |    39 |    73 |    11 ||   123
